 Dungeon Crawl Stone Soup version 0.29.1-12-g30fa7ad0bf (webtiles) character file.

Game seed: 17874405850524413671

7 nightchill the Trooper (level 1, -2/19 HPs)
             Began as a Palentonga Abyssal Knight on Jan 15, 2023.
             Was a Believer of Lugonu.
             Slain by a jackal (3 damage)
             ... on level 1 of the Dungeon.
             The game lasted 00:00:37 (88 turns).

nightchill the Trooper (Palentonga Abyssal Knight)    Turns: 88, Time: 00:00:38

Health: -2/19      AC:  4    Str: 18    XL:     1   Next: 91%
Magic:  1/2        EV:  9    Int: 10    God:    Lugonu [**....]
Gold:   0          SH:  0    Dex: 10    Spells: 0/0 levels left

rFire   . . .      SeeInvis +   a - +1 hand axe
rCold   . . .      Faith    .   (no shield)
rNeg    . . .      Spirit   .   b - +0 leather armour
rPois   .          Reflect  .   (no helmet)
rElec   .          Harm     .   (no cloak)
rCorr   .          Rampage  .   (no gloves)
Will    .....                   (no barding)
Stlth   +.........              (no amulet)
HPRegen 0.06/turn               (no ring)
MPRegen 0.08/turn               (no ring)

@: no status effects
A: large, rugged brown scales 3, see invisible, deformed body, roll 1, armoured
tail
a: Rolling Charge, Renounce Religion, Depart the Abyss, Bend Space


You were on level 1 of the Dungeon.
You worshipped Lugonu.
Lugonu was pleased with you.
You visited 1 branch of the dungeon, and saw 1 of its levels.
You visited the Abyss 1 time.

Inventory:

Hand Weapons
 a - a +1 hand axe (weapon)
Armour
 b - a +0 leather armour (worn)


   Skills:
 + Level 3.1 Fighting
 * Level 2.3 Axes
 - Level 1.5 Armour
 - Level 0.7 Dodging
 + Level 2.2 Invocations


You couldn't memorise any spells.
You didn't know any spells.
Your spell library was empty.

Dungeon Overview and Level Annotations

Branches:
Dungeon (1/15)

Altars:


Innate Abilities, Weirdness & Mutations

You are completely covered in rugged brown scales. (AC +3, +7% HP)
You have supernaturally acute eyesight. (SInv)
Armour fits poorly on your strangely shaped body.
You can roll at nearby foes to attack.
You have a long armoured tail.


Message History

You barely miss the ball python. You hit the jackal.
The jackal closely misses you.
The ball python bites you but does no damage.
The jackal closely misses you.
You closely miss the kobold.
Your tail-slap misses the kobold.
You hit the ball python.
You kill the ball python!
Lugonu accepts your kill.
You hit the jackal. The kobold hits you but does no damage.
The jackal bites you but does no damage.
You hit the kobold but do no damage. You closely miss the frilled lizard.
You closely miss the jackal. The jackal bites you.
* * * LOW HITPOINT WARNING * * *
The kobold hits you with a +0 dagger.
* * * LOW HITPOINT WARNING * * *
The frilled lizard bites you.
* * * LOW HITPOINT WARNING * * *
The jackal bites you.
* * * LOW HITPOINT WARNING * * *
The frilled lizard bites you but does no damage.
The kobold hits you but does no damage. Space bends violently around you!
You blink.
Roll where?
Press: ? - help, Dir - move target, f - frilled lizard
Aim: a frilled lizard
Okay, then.
Roll where?
Press: ? - help, Dir - move target, f - frilled lizard
Aim: a frilled lizard You roll forward with a clatter of scales!
You slash the frilled lizard!
You kill the frilled lizard!
Lugonu accepts your kill.
You barely miss the jackal. The jackal barely misses you.
The jackal bites you but does no damage.
Okay, then.
You closely miss the jackal.
The jackal is almost dead.
You closely miss the kobold. The jackal bites you.
You die...

#.......##
#...<...#
###..#..#
######..#
##.......#
#.......##
#..######
#..######
#...°@K†##
##....h†[#
######..# .##
##†.##....
##......#
#.....###
#h...##
......lS.....#
##....h##....#


You could see a jackal and a kobold.

Vanquished Creatures
  A bat (D:1)
  3 jackals (D:1)
  2 ball pythons (D:1)
  A frilled lizard (D:1)
7 creatures vanquished.

Notes
Turn   | Place    | Note
-------+----------+-------------------------------------------
     0 | Abyss:1  | nightchill the Palentonga Abyssal Knight began the quest
                  | for the Orb.
     0 | Abyss:1  | Reached XP level 1. HP: 19/19 MP: 2/2
     1 | D:1      | Escaped the Abyss
    88 | D:1      | Slain by a jackal

Illustrated notes

Levels and vault maps discovered:
D:1:      minmay_arrival_wavy_path, layout_basic, chequers_arboretum,
          amcnicky_mini_pool_small

Action                   || total
-------------------------++-------
Melee: Hand axe          ||    13
       Tailslap          ||     1
Invok: Bend Space        ||     1
 Abil: Rolling Charge    ||     1
Armor: Leather armour    ||    14
Dodge: Dodged            ||    18
